 Dungeon Crawl Stone Soup version 0.29.1-13-g9f3cf754e1 (webtiles) character file.

Game seed: 1661462366086353299

28 H0rd4k the Charlatan (level 3, -1/23 (24) HPs)
             Began as an Octopode Artificer on Feb 6, 2023.
             Succumbed to an adder's poison
             ... on level 2 of the Dungeon.
             The game lasted 00:00:44 (1520 turns).

H0rd4k the Charlatan (Octopode Artificer)           Turns: 1520, Time: 00:00:44

HP:   -1/23 (24)    AC:  1    Str: 11    XL:     3   Next: 14%
MP:   5/5           EV: 13    Int: 15    God:
Gold: 55            SH:  0    Dex: 12    Spells: 4/4 levels left

rFire   . . .      SeeInvis .   (no weapon)
rCold   . . .      Faith    .   (no shield)
rNeg    . . .      Spirit   .   (helmet restricted)
rPois   .          Reflect  .   (no amulet)
rElec   .          Harm     .   (no ring)
rCorr   .          Rampage  .   (no ring)
Will    .....                   (no ring)
Stlth   +++.......              (no ring)
HPRegen 0.07/turn               (no ring)
MPRegen 0.09/turn               (no ring)
                                (no ring)
                                (no ring)

@: lethally poisoned (-1 -> -12), lightly drained
A: almost no armour, amphibious, 8 rings, camouflage 1, gelatinous body 1,
(nimble swimmer 1), tentacles
a: no special abilities


You were on level 2 of the Dungeon.
You visited 1 branch of the dungeon, and saw 2 of its levels.

You collected 55 gold pieces.

Inventory:

Missiles
 i - 2 throwing nets
Wands
 b - a wand of flame (15) (quivered)
 c - a wand of charming (15)
 d - a wand of iceblast (5)
Scrolls
 a - 2 scrolls of identify {unknown}
 f - 2 scrolls of noise {unknown}
 j - a scroll of magic mapping {unknown}
 l - a scroll of teleportation {unknown}
 m - a scroll of torment {unknown}
Potions
 e - a potion of degeneration {unknown}
 g - a potion of mutation {unknown}
 h - a potion of flight {unknown}
 k - a potion of attraction {unknown}


   Skills:
 * Level 2.1 Fighting
 - Level 2.3 Dodging
 - Level 1.3 Stealth
 + Level 0.5 Unarmed Combat
 * Level 1.3 Spellcasting
 - Level 3.2 Evocations


You had 4 spell levels left.
You didn't know any spells.
Your spell library was empty.

Dungeon Overview and Level Annotations

Branches:
Dungeon (2/15)

Altars:


Innate Abilities, Weirdness & Mutations

You cannot wear most types of armour.
You are amphibious.
You can wear up to eight rings at the same time.
Your skin changes colour to match your surroundings (Stealth+).
Your rubbery body absorbs attacks. (AC +1, EV +1)
((You are camouflaged when in or above water. (Stealth+)))
You have tentacles for arms and can constrict up to eight enemies at once.


Message History

The adder closely misses you.
You closely miss the adder. Your grab misses the adder.
You tentacle-slap the adder. Your squeeze misses the adder.
The adder is heavily wounded.
The adder closely misses you. The adder bites you.
You barely miss the adder. Your grab misses the adder.
Your squeeze misses the adder.
The adder is heavily wounded.
The adder bites you.
You barely miss the adder. Your grab misses the adder.
The adder is heavily wounded.
The adder bites you.
You are poisoned.
The adder poisons you!
You miss the adder. Your grab misses the adder.
The adder is heavily wounded.
You feel sick. The adder bites you.
You are lethally poisoned!
The adder poisons you!
You are too injured to fight recklessly!
There is a lethal amount of poison in your body!
There is a lethal amount of poison in your body!
You are too injured to fight recklessly!
You tentacle-slap the adder. You grab the adder.
The adder is severely wounded.
You constrict the adder.
You feel very sick. The adder closely misses you. The adder bites you.
You are more poisoned.
The adder poisons you!
You tentacle-slap the adder but do no damage.
The adder is severely wounded.
You constrict the adder.
* * * LOW HITPOINT WARNING * * *
You feel very sick. The adder bites you.
* * * LOW HITPOINT WARNING * * *
You tentacle-slap the adder.
You kill the adder!
You die...

.#.# #........#
#....##.......... .#.#
#........# #....##........##
.#.# ##########
#....##........## ...# ########
#....##........## .######......#
#....##........## .....##......#
#....##........## .....##......#
#....##........#
.....##......####....#######.###
.............##.@.....# #.#
.............##.......# #..
.............##.......# ##
.............##.......#
.............##.......#
.............##.$.....#
.............##.......#
#............##.......#
####.........#


There were no monsters in sight!

Vanquished Creatures
  An adder (D:2)
  A worm (D:2)
  A dart slug (D:2)
  3 ball pythons
  2 endoplasms
  A giant cockroach (D:2)
  2 goblins (D:2)
  3 hobgoblins (D:2)
  3 quokkas
  A frilled lizard (D:2)
  2 kobolds
  2 rats
  A spectral hobgoblin (D:2)
23 creatures vanquished.

Notes
Turn   | Place    | Note
-------+----------+-------------------------------------------
     0 | D:1      | H0rd4k the Octopode Artificer began the quest for the Orb.
     0 | D:1      | Reached XP level 1. HP: 13/13 MP: 1/1
   495 | D:1      | You fall into a shaft and drop 1 floor!
   508 | D:2      | Reached XP level 2. HP: 17/18 MP: 1/3
   745 | D:2      | Reached skill level 1 in Spellcasting
  1019 | D:2      | Reached XP level 3. HP: 8/24 MP: 4/4
  1519 | D:2      | HP: 1/23 [adder (3)]
  1520 | D:2      | Succumbed to an adder's poison

Illustrated notes

Levels and vault maps discovered:
D:1:      dpeg_arrival_ternary, layout_loops_ring
D:2:      layout_basic, dreamdust_ecumenical_altar_drowned_temple

Skill      XL: |  1  2 |
---------------+-------+-----
Spellcasting   | 1 |  1.3
Fighting       | 2 |  2.1
Dodging        | |  2.3
Stealth        | |  1.3
Unarmed Combat | |  0.5
Evocations     | |  3.2

Action                   || total
-------------------------++-------
Melee: Unarmed           ||    68
       Tentacles         ||    15
       Constrict         ||    15
       Punch             ||     2
 Stab: Sleeping          ||     2
Armor: Skin              ||     3
Dodge: Dodged            ||    39
